 Dungeon Crawl Stone Soup version 0.30-a0-1094-g860fb061e7 (webtiles) character file.

Game seed: 11617935950524662744

443 LobsterGuardian the Shooter (level 7, -7/56 HPs)
             Began as a Barachi Hexslinger on Apr 18, 2023.
             Engulfed by a cloud of flame (26 damage)
             ... on level 4 of the Dungeon.
             The game lasted 00:10:48 (3417 turns).

LobsterGuardian the Shooter (Barachi Hexslinger)    Turns: 3417, Time: 00:10:49

Health: -7/56      AC:  4    Str: 11    XL:     7   Next: 2%
Magic:  7/10       EV: 12    Int: 14    God:
Gold:   163        SH:  0    Dex: 14    Spells: 3/10 levels left

rFire   . . .      SeeInvis .    a - +1 sling (drain)
rCold   . . .      Faith    .    (no shield)
rNeg    . . .      Spirit   .    h - +0 leather armour
rPois   .          Reflect  .    g - +0 helmet
rElec   .          Rampage  .    (no cloak)
rCorr   .                        (no gloves)
Will    .....                    (no boots)
Stlth   +                        (no amulet)
HPRegen 0.29/turn                (no ring)
MPRegen 0.12/turn                (no ring)

@: slow
A: amphibious, slowness 1, strong legs 1, +LOS, claws 1, robust 1, MP-powered
wands
a: Hop


You were on level 4 of the Dungeon.
You visited 1 branch of the dungeon, and saw 4 of its levels.
You also visited: Sewer.

You collected 163 gold pieces.

Inventory:

Hand Weapons
 a - a +1 sling of draining (weapon)
Armour
 g - a +0 helmet (worn)
 h - a +0 leather armour (worn)
Jewellery
 j - an amulet of magic regeneration
 k - a ring of ice
 p - a ring of magical power
Scrolls
 b - 2 scrolls of poison
 c - a scroll of brand weapon
 d - 3 scrolls of enchant weapon
 f - a scroll of butterflies {unknown}
 i - a scroll of blinking
 l - 2 scrolls of immolation {unknown}
 m - a scroll of noise
 o - 2 scrolls of teleportation {unknown}
Potions
 e - a potion of magic {unknown}
 n - a potion of mutation
 q - a potion of attraction
 s - a potion of heal wounds


   Skills:
 + Level 2.6 Fighting
 * Level 6.0 Ranged Weapons
 + Level 1.0 Armour
 + Level 2.5 Dodging
 + Level 2.2 Spellcasting
 + Level 4.0 Hexes
 + Level 0.4 Fire Magic


You had 3 spell levels left.
You knew the following spells:

 Your Spells              Type           Power      Damage    Failure   Level
a - Slow                  Hex            48%        N/A       6%          1
b - Inner Flame           Hex/Fire       7%         N/A       36%         3
c - Portal Projectile     Hex/Tloc       14%        N/A       36%         3

Your spell library contained the following spells:

 Spells                   Type           Power      Damage    Failure   Level
 Ensorcelled Hibernation  Hex/Ice        14%        N/A       21%         2
 Volatile Blastmotes      Fire/Tloc      4%         2d10      63%         3
 Spider Form              Tmut/Pois      1%         N/A       67%         3
 Cause Fear               Hex            6%         N/A       52%         4
 Anguish                  Hex/Necr       3%         N/A       80%         4
 Fulminant Prism          Conj/Hex       3%         3d5       80%         4
 Iskenderun's Mystic Bla  Conj/Tloc      1%         2d3       96%         4
 Lee's Rapid Deconstruct  Erth           0%         3d4*      100%        5


Dungeon Overview and Level Annotations

Branches:
Dungeon (4/15)              Sewer (visited)
 Temple: D:4-7

Altars:


Innate Abilities, Weirdness & Mutations

You are amphibious.
You cover ground slowly.
You can hop short distances.
You have an extended range of vision and can be seen from far away.
You have sharp fingernails.
You are robust. (+10% HP)
You expend magic power (3 MP) to strengthen your wands.


Message History

You now have 163 gold pieces (gained 10).
Done exploring.
Done exploring.
As you read the scroll of identify, it crumbles to dust.
q - a potion of attraction Done exploring.
(D) Dungeon
Where to? (Enter - D:3 @ (x,y), ? - help)
There is a stone staircase leading down here.
You climb downwards.
There is a stone staircase leading up here.
A kobold comes into view.
It is wielding a +0 dagger and quivering poisoned darts.
A kobold is nearby!
You shoot a sling bullet. The sling bullet hits the kobold.
You kill the kobold!
Found 5 stones.
Things that are here:
a +0 dagger; 7 poisoned darts You open the door.
There is a stone staircase leading up here.
Found an escape hatch in the ceiling.
Found a sling.
There is an escape hatch in the ceiling here.
A goblin comes into view. It is wielding a +0 club.
The goblin shouts!
A wyvern comes into view.
Casting: Portal Projectile (dangerous; 36% risk of failure)
Confirm with . or Enter, or press ? or * to list all spells.
Aiming: Inner Flame (dangerous; 36% risk of failure)
Press: ? - help, Dir - move target, f - goblin
Aim: a goblin, wielding a +0 club (chance to affect: 71%)
The goblin is filled with an inner flame.
You shoot a sling bullet.
The sling bullet closely misses the goblin.
You shoot a sling bullet. The sling bullet hits the goblin!
The goblin explodes!
The fiery explosion engulfs you!!!
Ouch! That really hurt!
You are engulfed in blazing flames.
You die...

.# .? #.# #.# #.#
#.# ### #.# ..#
#####.######.#
#§§@..#....#.#
#§##..#.##.#.# ..
#.<#.<..#.# #..
#....#..#'#######
..#
##.#.#.....)...(.
##
#.#.#...........
#)#.............
#.###.#.........
#.#......#######


There were no monsters in sight!

Vanquished Creatures
  Sigmund (D:3)
  Pargi (Sewer)
  An orc priest (D:3)
  Terence (D:3)
  6 adders
  2 worms (D:2)
  A dart slug (D:2)
  9 orcs (D:3)
  6 ball pythons
  4 endoplasms
  7 giant cockroaches
  5 goblins
  5 hobgoblins
  3 kobolds
  3 quokkas
  8 bats
  3 frilled lizards
  6 rats
72 creatures vanquished.

Notes
Turn   | Place    | Note
-------+----------+-------------------------------------------
     0 | D:1      | LobsterGuardian the Barachi Hexslinger began the quest for
                  | the Orb.
     0 | D:1      | Reached XP level 1. HP: 15/15 MP: 2/2
   466 | D:1      | Reached XP level 2. HP: 21/21 MP: 1/3
  1283 | D:2      | Reached XP level 3. HP: 26/26 MP: 3/5
  1291 | D:2      | Learned a level 3 spell: Inner Flame
  1368 | D:2      | Reached skill level 3 in Ranged Weapons
  1959 | D:2      | Gained mutation: You are frail. (-10% HP) [potion of
                  | mutation]
  1962 | D:2      | Reached XP level 4. HP: 26/29 MP: 4/6
  2091 | D:3      | Lost mutation: You are frail. (-10% HP) [potion of
                  | mutation]
  2091 | D:3      | Gained mutation: You are robust. (+10% HP) [potion of
                  | mutation]
  2091 | D:3      | Gained mutation: You have sharp fingernails. [potion of
                  | mutation]
  2091 | D:3      | Gained mutation: You expend magic power (3 MP) to
                  | strengthen your wands. [potion of mutation]
  2296 | D:3      | Noticed Terence
  2317 | D:3      | Killed Terence
  2390 | D:3      | Found the +5 Force Lance {heavy, knockback}
  2436 | D:3      | Reached skill level 4 in Ranged Weapons
  2436 | D:3      | Reached XP level 5. HP: 30/41 MP: 7/7
  2454 | D:3      | Noticed Sigmund
  2708 | D:3      | Found a glowing drain.
  2724 | Sewer    | Entered a sewer
  2861 | Sewer    | Learned a level 3 spell: Portal Projectile
  2926 | Sewer    | Noticed Pargi
  2935 | Sewer    | Killed Pargi
  2936 | Sewer    | Reached skill level 5 in Ranged Weapons
  2936 | Sewer    | Reached XP level 6. HP: 45/48 MP: 4/9
  3049 | D:3      | Killed Sigmund
  3050 | D:3      | Reached skill level 6 in Ranged Weapons
  3050 | D:3      | Reached skill level 1 in Armour
  3050 | D:3      | Reached XP level 7. HP: 40/56 MP: 1/10
  3414 | D:4      | Noticed a wyvern
  3417 | D:4      | Engulfed by a cloud of flame

Illustrated notes

Levels and vault maps discovered:
D:1:      onia_arrival_handbag, layout_basic
D:2:      layout_loops_cross, minmay_quadrilaterals
D:3:      layout_basic, portal_sewer_entry_d, grunt_ministairs_12,
          minmay_misc_feat_five, uniq_sigmund, uniq_terence
D:4:      layout_basic, nicolae_elyvilon_temple_path, uniq_natasha

Skill      XL: |  1  2  3  4  5  6 |
---------------+-------------------+-----
Ranged Weapons | 3 4 5 6 |  6.0
Fighting       | 2 |  2.6
Spellcasting   | 2 |  2.2
Armour         | 1 |  1.0
Hexes          | 4 |  4.0
Dodging        | |  2.5
Fire Magic     | |  0.4

Action                     |  1- 3 |  4- 6 |  7- 9 || total
---------------------------+-------+-------+-------++-------
   Fire: Sling             |   173 |   113 |     6 ||   292
   Cast: Slow              |    44 |    17 |       ||    61
         Inner Flame       |       |     4 |     1 ||     5
Ability: Hop               |     1 |     4 |       ||     5
    Use: Scroll            |     1 |     4 |     1 ||     6
         Potion            |     3 |     4 |       ||     7
 Armour: Robe              |    28 |       |       ||    28
         Leather armour    |       |    17 |       ||    17
  Dodge: Dodged            |    73 |    42 |       ||   115

Table legend: (Time is in decaauts)
 A = Elapsed time spent in this place.
 B = Non-inter-level travel time spent in this place.
 C = Inter-level travel time spent in this place.
 D = Time resting spent in this place.
 E = Time spent auto-exploring this place.
 F = Levels seen in this place.
 G = Mean time per level.
                   A        B        C        D        E       F      G
               +--------+--------+--------+--------+--------+-----+--------+
         Total |   3904 |   3613 |    291 |     62 |   2807 |   5 |  780.8 |
       Dungeon |   3567 |   3276 |    291 |     62 |   2548 |   4 |  891.8 |
         Sewer |    337 |    337 |      0 |      0 |    259 |   1 |  337.0 |
               +--------+--------+--------+--------+--------+-----+--------+

Top non-repeatable levels by time:
     D:2: 1231 daAuts
     D:1: 1204 daAuts
     D:3: 1102 daAuts
   Sewer: 337 daAuts
     D:4: 29 daAuts
